 Dungeon Crawl Stone Soup version 0.32-a0-612-g1c984fe9d1 (webtiles) character file.

Game seed: 2654102908237514821

52 gimp the Charlatan (level 3, -6/28 HPs)
             Began as a Coglin Artificer on Mar 4, 2024.
             Mangled by a gnoll
             ... wielding a +0 flail
              (12 damage)
             ... on level 2 of the Dungeon.
             The game lasted 00:02:07 (1218 turns).

gimp the Charlatan (Coglin Artificer)               Turns: 1218, Time: 00:02:07

Health: -6/28      AC:  3    Str: 12    XL:     3   Next: 85%
Magic:  3/3        EV: 12    Int: 10    God:
Gold:   36         SH:  0    Dex: 16    Spells: 2/2 levels left

rFire   . . .        a - +0 dagger {Paramjit}
rCold   . . .        f - +0 dagger {Lukas}
rNeg    . . .        b - +0 leather armour
rPois   .            (no helmet)
rElec   .            (no cloak)
rCorr   .            (no gloves)
SInv    .            (no boots)
Will    .....        (amulet unavailable)
Stlth   +            (ring unavailable)
HPRegen 0.24/turn    (ring unavailable)
MPRegen 0.08/turn    (no gizmo)

%: no passive effects
@: revved
A: off-hand wielding, slow wielding, warmup strikes, no jewellery
a: Invent Gizmo


You were on level 2 of the Dungeon.
You visited 1 branch of the dungeon, and saw 2 of its levels.

You collected 36 gold pieces.

Inventory:

Hand Weapons
 a - a +0 dagger (weapon) {Paramjit}
 f - a +0 dagger (offhand) {Lukas}
Armour
 b - a +0 leather armour (worn)
 h - a +0 pair of gloves
 k - a +0 pair of boots
Wands
 c - a wand of flame (15) (quivered)
 d - a wand of charming (15)
 e - a wand of iceblast (5)
Scrolls
 i - 2 scrolls of revelation {unknown}
 j - a scroll of enchant armour {unknown}
Potions
 g - a potion of resistance {unknown}


   Skills:
 + Level 2.5 Fighting
 - Level 1.7 Armour
 + Level 2.3 Dodging
 - Level 0.7 Stealth
 - Level 4.0 Evocations


You had 2 spell levels left.
You didn't know any spells.
Your spell library was empty.

Dungeon Overview and Level Annotations

Branches:
Dungeon (2/15)

Altars:


Innate Abilities, Weirdness & Mutations

You can wield a second weapon in your off-hand.
It takes a long time for you to wield or remove held weapons.
Your first few attacks do less damage.
You cannot equip rings or amulets.


Message History

You now have 36 gold pieces (gained 12).
An adder comes into view.
Health restored: 28 An adder is nearby!
An adder is nearby!
The adder hisses angrily.
A goblin comes into view. It is wielding a +0 dagger.
The goblin shouts!
The adder bites you but does no damage.
You closely miss the adder with your +0 dagger.
You hit the adder with your +0 dagger. The adder bites you but does no damage.
You hit the adder with your +0 dagger.
The adder is moderately wounded.
You hit the adder with your +0 dagger. The adder bites you.
The adder bites you but does no damage.
You take 4 damage, and have 24/28 hp.
You hit the adder with your +0 dagger.
The adder is almost dead.
You closely miss the adder with your +0 dagger.
The adder closely misses you.
You closely miss the adder with your +0 dagger.
The adder is almost dead.
You hit the adder but do no damage. The adder bites you but does no damage.
The goblin hits you with a +0 dagger.
A kobold comes into view.
It is wielding a +0 short sword of flaming.
You take 1 damage, and have 23/28 hp.
You barely miss the adder with your +0 dagger.
The adder is almost dead.
The kobold shouts!
You hit the adder but do no damage. The adder bites you.
The goblin hits you with a +0 dagger. The adder bites you.
You take 6 damage, and have 17/28 hp.
MASSIVE DAMAGE!!
You closely miss the adder with your +0 dagger.
The adder is almost dead.
You hit the adder with your +0 dagger. The adder bites you.
The goblin hits you with a +0 dagger.
You take 1 damage, and have 16/28 hp.
You miss the adder with your +0 dagger.
The adder is almost dead.
You barely miss the adder with your +0 dagger.
The adder barely misses you. The goblin completely misses you.
You hit the adder but do no damage.
The adder is almost dead.
You completely miss the adder with your +0 dagger.
The adder bites you but does no damage. The goblin hits you with a +0 dagger.
You take 2 damage, and have 14/28 hp.
You are too injured to fight recklessly!
You are too injured to fight recklessly!
You are too injured to fight recklessly!
You are too injured to fight recklessly!
You hit the adder but do no damage.
The adder is almost dead.
You hit the adder with your +0 dagger.
You kill the adder!
The goblin hits you but does no damage.
You barely miss the goblin with your +0 dagger.
You hit the goblin with your +0 dagger. The goblin barely misses you.
Press: ? - help, v - describe, . - travel
Here: a kobold, wielding a +0 short sword of flaming and quivering stones The floor.
Unknown command.
You hit the goblin with your +0 dagger.
You kill the goblin!
A gnoll comes into view. It is wielding a +0 flail.
The gnoll shouts!
You hit the kobold with your +0 dagger.
The kobold is severely wounded.
You closely miss the kobold with your +0 dagger.
The kobold barely misses you.
You closely miss the kobold with your +0 dagger.
The kobold is severely wounded.
You hit the kobold with your +0 dagger.
You kill the kobold!
A gnoll comes into view. It is wielding a +0 flail.
Items here: ( )) †.
There is a stone staircase leading up here.
You hit the gnoll with your +0 dagger.
The gnoll is lightly wounded.
You barely miss the gnoll with your +0 dagger.
The gnoll barely misses you.
You closely miss the gnoll with your +0 dagger.
The gnoll is lightly wounded.
You hit the gnoll with your +0 dagger. The gnoll hits you with a +0 flail!
You take 6 damage, and have 20/28 hp.
MASSIVE DAMAGE!!
You hit the gnoll with your +0 dagger.
The gnoll is moderately wounded.
You hit the gnoll but do no damage. The gnoll hits you with a +0 flail.
You take 4 damage, and have 16/28 hp.
You hit the gnoll but do no damage.
The gnoll is moderately wounded.
You hit the gnoll with your +0 dagger. The gnoll hits you with a +0 flail!
* * * LOW HITPOINT WARNING * * *
You take 10 damage, and have 6/28 hp.
MASSIVE DAMAGE!!
You are too injured to fight recklessly!
You are too injured to fight recklessly!
You hit the gnoll with your +0 dagger.
The gnoll is severely wounded.
You closely miss the gnoll with your +0 dagger.
The gnoll hits you with a +0 flail!
You die...

###### ### #....#
..# #.##.# ..#
#.##.# ..# #g##.#
..######## #.##g#
##.......# #.##@#
.........####.####
#........##...#
#........##.#####..
#........##........
#......g.....####..
####.####....# #..
#....# ##.# #....#


You could see a gnoll.

Vanquished Creatures
  2 adders (D:2)
  A dart slug (D:1)
  8 endoplasms
  A giant cockroach (D:1)
  2 goblins
  4 hobgoblins
  3 kobolds
  A quokka (D:2)
  2 ball pythons (D:1)
  A bat (D:1)
  4 frilled lizards
  2 rats
31 creatures vanquished.

Notes
Turn   | Place    | Note
-------+----------+-------------------------------------------
     0 | D:1      | gimp the Coglin Artificer began the quest for the Orb.
     0 | D:1      | Reached XP level 1. HP: 15/15 MP: 1/1
    21 | D:1      | Reached skill level 1 in Dodging
   130 | D:1      | Reached XP level 2. HP: 20/21 MP: 2/2
   889 | D:1      | Reached XP level 3. HP: 27/27 MP: 3/3
  1218 | D:2      | Mangled by a gnoll

Illustrated notes

Levels and vault maps discovered:
D:1:      saegor_arrival_miasma, layout_loops_corners, hangedman_decor_points,
          minmay_misc_feat_encased, ebering_dispersal_statue_hall,
          hangedman_glass_teeth
D:2:      layout_basic, uniq_terence

Skill      XL: |  1  2  3 |
---------------+----------+-----
Dodging        | 1 2 |  2.3
Fighting       | 2 |  2.5
Armour         | |  1.7
Stealth        | |  0.7
Evocations     | |  4.0

Action                     || total
---------------------------++-------
  Melee: Dagger            ||   182
         Club              ||     6
   Stab: Sleeping          ||     6
 Armour: Leather armour    ||    52
  Dodge: Dodged            ||    44

Table legend: (Time is in decaauts)
 A = Elapsed time spent in this place.
 B = Non-inter-level travel time spent in this place.
 C = Inter-level travel time spent in this place.
 D = Time resting spent in this place.
 E = Time spent auto-exploring this place.
 F = Levels seen in this place.
 G = Mean time per level.
                   A        B        C        D        E       F      G
               +--------+--------+--------+--------+--------+-----+--------+
         Total |   1218 |   1213 |      5 |      0 |    943 |   2 |  609.0 |
       Dungeon |   1218 |   1213 |      5 |      0 |    943 |   2 |  609.0 |
               +--------+--------+--------+--------+--------+-----+--------+

Top non-repeatable levels by time:
     D:1: 929 daAuts
     D:2: 288 daAuts
